 Dungeon Crawl Stone Soup version 0.26.1-11-gd32895ea62 (webtiles) character file.

Game seed: 14218617891653386423

406 GenialerGandalf the Covered (level 6, 0/56 HPs)
             Began as a Hill Orc Fighter on Apr 21, 2021.
             Killed from afar by Blork the orc (3 damage)
             ... with a puff of frost
             ... on level 4 of the Dungeon.
             The game lasted 00:09:05 (3633 turns).

GenialerGandalf the Covered (Hill Orc Fighter)      Turns: 3633, Time: 00:09:05

Health: 0/56       AC:  7    Str: 21    XL:     6   Next: 87%
Magic:  6/6        EV: 23    Int:  8    God:
Gold:   173        SH: 11    Dex: 10    Spells: 5/5 levels left

rFire    . . .     SeeInvis .   a - +3 war axe
rCold    . . .     Faith    .   c - +2 kite shield
rNeg     . . .     Spirit   .   b - +0 scale mail
rPois    .         Reflect  .   (no helmet)
rElec    .         Harm     .   (no cloak)
rCorr    .         Rampage  .   (no gloves)
Will     .....                  (no boots)
Stlth    ..........             e - amulet of the acrobat
HPRegen  0.18/turn              (no ring)
MPRegen  0.10/turn              (no ring)

@: acrobat
A: no striking features
a: no special abilities


You were on level 4 of the Dungeon.
You visited 1 branch of the dungeon, and saw 4 of its levels.

You collected 173 gold pieces.

Inventory:

Hand Weapons
 a - a +3 war axe (weapon)
Armour
 b - a +0 scale mail (worn)
 c - a +2 kite shield (worn)
Jewellery
 e - an amulet of the acrobat (around neck)
 k - an uncursed ring of willpower
Scrolls
 g - 3 scrolls of fear
 i - 2 scrolls of teleportation {unknown}
Potions
 d - 2 potions of might
 f - a potion of degeneration {unknown}
 h - a potion of magic {unknown}
 j - 2 potions of lignification {unknown}
 l - a potion of curing {unknown}


   Skills:
 + Level 5.0 Fighting
 + Level 5.0 Axes
 + Level 5.4 Armour
 + Level 1.5 Dodging
 + Level 4.3 Shields


You had 5 spell levels left.
You didn't know any spells.
Your spell library was empty.

Dungeon Overview and Level Annotations

Branches:
Dungeon (4/15)
 Temple: D:4-7

Altars:
Dithmenos

Annotations:
D:4 Blork the orc


Message History

* * * LOW HITPOINT WARNING * * *
You hear some strange, mumbled words.
A puff of frost appears from out of thin air!
The puff of frost misses you.
A puff of frost appears from out of thin air!
The puff of frost hits you!
* * * LOW HITPOINT WARNING * * *
You hear some strange, mumbled words.
A puff of flame appears from out of thin air!
The puff of flame misses you.
You hear some strange, mumbled words.
A magic dart appears from out of thin air!
The magic dart hits you.
* * * LOW HITPOINT WARNING * * *
You hear some strange, mumbled words.
A puff of flame appears from out of thin air!
The puff of flame misses you.
A puff of frost appears from out of thin air!
The puff of frost hits you.
You die...

..................##........##...
....##....#####.#.##...##.$.####.
....##....# #...#..............
....###########.....#..##...####.
....# #............##....$...
######### #.....{......##........
#......###....#........#........
##........#....#.#.#....####.....
..........#....#@#.#....# #.....
..?..........รท..........####.####
......#...#.......#..........
......#...........#..........
......#.......)...#....# .
....).......#<.........# ....
............###...#.#..# .....
#####.......# #...#....#......
#......## #...##...#......


There were no monsters in sight!

Vanquished Creatures
  A phantom (D:4)
  A bullfrog (D:4)
  A bullfrog zombie (D:4)
  4 gnolls (D:3)
  9 adders
  5 oozes
  5 dart slugs
  6 leopard geckos
  2 orcs
  2 ball pythons
  4 bats
  11 goblins
  7 hobgoblins
  3 jackals (D:2)
  12 kobolds
  2 quokkas (D:2)
  2 frilled lizards (D:2)
  5 rats
  7 bushes (D:1)
89 creatures vanquished.

Vanquished Creatures (others)
  13 plants (D:1)
13 creatures vanquished.

Grand Total: 102 creatures vanquished

Notes
Turn   | Place    | Note
-------+----------+-------------------------------------------
     0 | D:1      | GenialerGandalf the Hill Orc Fighter began the quest for
                  | the Orb.
     0 | D:1      | Reached XP level 1. HP: 19/19 MP: 1/1
   206 | D:1      | Reached XP level 2. HP: 26/27 MP: 2/2
   440 | D:1      | Reached XP level 3. HP: 32/33 MP: 3/3
  1702 | D:2      | Reached XP level 4. HP: 40/40 MP: 4/4
  2030 | D:2      | Reached skill level 1 in Dodging
  2211 | D:3      | Reached XP level 5. HP: 47/47 MP: 5/5
  2700 | D:3      | Found a shadowy altar of Dithmenos.
  3195 | D:4      | Noticed a phantom
  3237 | D:4      | Killed a phantom
  3238 | D:4      | Reached skill level 5 in Armour
  3238 | D:4      | Reached XP level 6. HP: 37/53 MP: 6/6
  3414 | D:4      | Reached skill level 5 in Axes
  3458 | D:4      | Reached skill level 5 in Fighting
  3576 | D:4      | Noticed Blork the orc
  3631 | D:4      | HP: 2/56 [something/magic dart (4)]
  3633 | D:4      | Killed from afar by Blork the orc

Illustrated notes

Levels and vault maps discovered:
D:1:      dpeg_arrival_morbid_curiosity, layout_loops_ring, serial_forest,
          infiniplex_forest_lined_1, infiniplex_forest_clump_curved,
          infiniplex_forest_end_double, infiniplex_forest_clump_C,
          infiniplex_forest_end_2, infiniplex_forest_clump_C,
          infiniplex_forest_straight_3, serial_park_tiny_2
D:2:      layout_basic
D:3:      layout_rooms, nicolae_overflow_hidden_temple
D:4:      layout_basic, hangedman_decor_growths, minivault_19,
          chequers_mini_garden, lemuel_another_geyser, uniq_blork_the_orc

Skill      XL: |  1  2  3  4  5  6 |
---------------+-------------------+-----
Fighting       | 4 5 |  5.0
Axes           | 3 4 5 |  5.0
Dodging        | 1 |  1.5
Armour         | 5 |  5.4
Shields        | 4 |  4.3

Action                   |  1- 3 |  4- 6 || total
-------------------------+-------+-------++-------
Melee: War axe           |   423 |   128 ||   551
  Use: Scroll            |    10 |     4 ||    14
Armor: Scale mail        |    34 |    48 ||    82
Dodge: Dodged            |    23 |    69 ||    92
Block: Kite shield       |    46 |   111 ||   157
